 Dungeon Crawl Stone Soup version 0.31.0-32-g396128a36d (webtiles) character file.

Game seed: 4237507103280363516

1330 Logoto the Cleaver (level 8, -1/106 HPs)
             Began as a Hill Orc Berserker on Apr 4, 2024.
             Was a Believer of Trog.
             Incinerated by a bombardier beetle (4 damage)
             ... with a burning spray
             ... on level 5 of the Dungeon.
             The game lasted 00:10:54 (4554 turns).

Logoto the Cleaver (Hill Orc Berserker)             Turns: 4554, Time: 00:10:55

Health: -1/106     AC: 14    Str: 22    XL:     8   Next: 60%
Magic:  8/8        EV:  8    Int:  7    God:    Trog [**....]
Gold:   233        SH:  5    Dex: 10    Spells: 7/7 levels left

rFire   . . .        a - +0 hand axe
rCold   . . .        A - +2 buckler
rNeg    . . .        k - +0 chain mail
rPois   .            z - +1 helmet
rElec   .            (no cloak)
rCorr   .            (no gloves)
SInv    +            j - +1 pair of boots
Will    .....        (no amulet) Stlth
                     e - ring of see invisible
HPRegen 0.37/turn    (no ring)
MPRegen 0.11/turn

%: no passive effects
@: berserking, on fire, slowed, glowing
A: no striking features
a: Renounce Religion, Berserk, Trog's Hand


You were on level 5 of the Dungeon.
You worshipped Trog.
Trog was pleased with you.
You visited 1 branch of the dungeon, and saw 6 of its levels.

You collected 233 gold pieces.

Inventory:

Hand Weapons
 a - a +0 hand axe (weapon)
Missiles
 o - 2 curare-tipped darts (quivered)
 w - 11 poisoned darts
Armour
 i - a +0 ring mail
 j - a +1 pair of boots (worn)
 k - a +0 chain mail (worn)
 z - a +1 helmet (worn)
 A - a +2 buckler (worn)
Jewellery
 e - a ring of see invisible (left hand)
Wands
 r - a wand of charming (9)
Scrolls
 d - 5 scrolls of identify {unknown}
 g - 3 scrolls of poison {unknown}
 h - a scroll of blinking {unknown}
 l - a scroll of fog {unknown}
 q - a scroll of teleportation {unknown}
 u - a scroll of revelation {unknown}
 x - a scroll of torment {unknown}
 y - a scroll of immolation {unknown}
Potions
 b - a potion of degeneration {unknown}
 c - a potion of brilliance {unknown}
 f - a potion of curing {unknown}
 m - 2 potions of mutation {unknown}
 n - a potion of berserk rage {unknown}
 p - 2 potions of heal wounds {unknown}
 s - a potion of magic {unknown}
 t - 2 potions of attraction {unknown}
 v - a potion of might {unknown}


   Skills:
 + Level 6.7 Fighting
 + Level 10.1 Axes
 + Level 5.5 Armour
 + Level 2.4 Dodging
 + Level 1.3 Stealth
 + Level 0.2 Shields


You had 7 spell levels left.
You didn't know any spells.
Your spell library was empty.

Dungeon Overview and Level Annotations

Branches:
Dungeon (6/15)             Temple (0/1) D:5

Altars:
Okawaru
Yredelemnul

Shops:
D:3 :   D:5 [


Message History

You feel yourself speed up.
You start resting.
A kobold brigand comes into view.
It is wielding a +0 short sword and quivering curare-tipped darts.
A kobold brigand is nearby!
You can't go down here!
The kobold brigand throws a curare-tipped dart.
The curare-tipped dart hits you.
You are poisoned.
You have difficulty breathing.
* * * LOW HITPOINT WARNING * * *
You feel yourself slow down.
You climb upwards.
You recover from your berserk rage.
You feel very sick.
A sleepcap comes into view.
There is a stone staircase leading down here.
Items here: ( )) ††.
You feel sick.
Items here: ( )) †.
You feel sick.
You are no longer poisoned.
Things that are here:
a +0 club; a kobold corpse The bombardier beetle sprays incendiary fluid at you.
The burning spray hits you.
You are covered in liquid fire!
Things that are here:
a +0 dagger; a kobold corpse You shake off some of the fire as you move.
The liquid fire burns you!
* * * LOW HITPOINT WARNING * * *
Okay, then.
A red film seems to cover your vision as you go berserk!
You feel yourself moving faster!
You feel mighty! The liquid fire burns you!
* * * LOW HITPOINT WARNING * * *
You shake off some of the fire as you move.
You feel a strong urge to attack something.
The liquid fire burns you!
You die...

#####....# #....#..#
#.8.8 #.##....# (..f
##.###.#.# ...
...###.#.# #..
.........# .. ≈
######.#.# .# .~≈ #
#.#.###########.#.∩.~≈
#
##.#........@)(B.....~≈
#
#..##############....~≈
#####.########### .⌠.~≈
................# ..~≈
..#....####.....# .~≈
..#....# ###...# ~≈
.##....#######..# ≈
.###........##..# ##
#...#....###.#


You could see a bombardier beetle.

Vanquished Creatures
  Prince Ribbit (D:5)
  An ice beast (D:5)
  A black bear (D:4)
  An ogre (D:4)
  A phantom (D:4)
  A kobold brigand (D:5)
  4 bombardier beetles
  A hound (D:5)
  4 orc priests
  2 jellies (D:5)
  Ijyb (D:3)
  4 iguanas (D:5)
  2 orc wizards (D:3)
  3 gnolls (D:4)
  8 adders
  2 ufetubi (D:5)
  3 dart slugs
  A ribbon worm (D:3)
  11 orcs
  4 ball pythons
  4 bats
  6 endoplasms
  3 giant cockroaches
  5 goblins
  5 hobgoblins
  A jackal (D:5)
  3 quokkas
  6 frilled lizards
  13 kobolds
  5 rats
107 creatures vanquished.

Notes
Turn   | Place    | Note
-------+----------+-------------------------------------------
     0 | D:1      | Logoto the Hill Orc Berserker began the quest for the Orb.
     0 | D:1      | Reached XP level 1. HP: 19/19 MP: 1/1
   438 | D:1      | Reached XP level 2. HP: 21/27 MP: 2/2
  1132 | D:2      | Found a basalt altar of Yredelemnul.
  1289 | D:2      | Reached XP level 3. HP: 33/33 MP: 3/3
  1575 | D:3      | Found a faded altar of an unknown god.
  1587 | D:3      | Noticed Ijyb
  1599 | D:3      | Killed Ijyb
  1600 | D:3      | Reached skill level 5 in Axes
  1600 | D:3      | Reached XP level 4. HP: 41/41 MP: 4/4
  1921 | D:3      | Reached XP level 5. HP: 47/47 MP: 5/5
  1928 | D:3      | Reached ** piety under Trog
  1929 | D:3      | Reached skill level 6 in Axes
  2076 | D:3      | Reached skill level 5 in Fighting
  2077 | D:3      | Reached XP level 6. HP: 56/56 MP: 6/6
  2140 | D:3      | Found Huvoes's Vocational Training.
  2503 | D:4      | Reached skill level 7 in Axes
  2929 | D:4      | Reached XP level 7. HP: 45/61 MP: 7/7
  3218 | D:4      | Reached skill level 8 in Axes
  3532 | D:5      | Entered Level 5 of the Dungeon
  3622 | D:5      | Found an iron altar of Okawaru.
  3661 | D:5      | Reached skill level 1 in Stealth
  3894 | D:5      | Reached skill level 9 in Axes
  3894 | D:5      | Reached XP level 8. HP: 70/70 MP: 8/8
  4042 | D:5      | Reached skill level 5 in Armour
  4180 | D:5      | Found a staircase to the Ecumenical Temple.
  4184 | D:5      | Identified the +4 war axe of the Blue Skies {speed, rPois
                  | rCorr Str-4 Dex+4}
  4261 | D:5      | Noticed Prince Ribbit
  4296 | D:5      | Killed Prince Ribbit
  4480 | D:5      | Found Kooj's Antique Armour Emporium.
  4507 | D:5      | Reached skill level 10 in Axes
  4553 | D:5      | HP: 2/106 [burnt (8)]
  4554 | D:5      | Incinerated by a bombardier beetle

Illustrated notes

Levels and vault maps discovered:
D:1:      amcnicky_arrival_wind_blow, layout_basic
D:2:      layout_basic, basic_altar, serial_park_tiny_1, kennysheep_crisscross,
          minmay_surrounded
D:3:      layout_rooms, hellmonk_ecumenical_altar_crossroads,
          nicolae_shop_vocational, uniq_ijyb
D:4:      layout_basic, minmay_misc_feat_cross, minmay_goblin_kobold_house
D:5:      minmay_recursive_quarters, layout_loops_ring, lemuel_crystal_altar,
          minmay_temple_entry_overgrown, serial_glass, glass_columns_c,
          glass_columns_a, glass_columns_a, glass_columns_a,
          minmay_strange_pillars, item_on_display_a, item_on_display_a,
          feat_on_display, mainiacjoe_sewer_entry_somewhere_in_here_2,
          nicolae_shop_national_dungeon_mall, uniq_prince_ribbit1
D:6:      layout_loops_ring, minmay_puff, uniq_jeremiah

Skill      XL: |  1  2  3  4  5  6  7  8 |
---------------+-------------------------+-----
Fighting       | 4 5 6 |  6.7
Axes           | 5 6 7 9 10 | 10.1
Armour         | 3 4 5 |  5.5
Dodging        | 2 |  2.4
Stealth        | 1 |  1.3
Shields        | |  0.2

Action                     |  1- 3 |  4- 6 |  7- 9 || total
---------------------------+-------+-------+-------++-------
  Melee: Hand axe          |    85 |   121 |   157 ||   363
         Punch             |     1 |     3 |       ||     4
 Invoke: Berserk           |     4 |     6 |     9 ||    19
 Armour: Leather armour    |    15 |       |       ||    15
         Animal skin       |     2 |       |       ||     2
         Chain mail        |    39 |    97 |    92 ||   228
  Dodge: Dodged            |    28 |    32 |    50 ||   110
  Block: Buckler           |       |       |     4 ||     4
